 Dungeon Crawl Stone Soup version 0.27.1-33-g824d729ab1 (webtiles) character file.

Game seed: 10758045977261681560

46 tanglemaster the Insei (level 3, 0/23 HPs)
             Began as an Octopode Transmuter on Dec 23, 2021.
             Constricted to death by a ball python (1 damage)
             ... on level 2 of the Dungeon.
             The game lasted 00:01:19 (1988 turns).

tanglemaster the Insei (Octopode Transmuter)        Turns: 1988, Time: 00:01:20

Health: 0/23       AC:  1    Str:  9      XL:     3   Next: 66%
Magic:  6/6        EV: 10    Int: 13 (15) God:
Gold:   42         SH:  0    Dex: 12 (13) Spells: 5/6 levels left

rFire    . . .     SeeInvis .   a - +0 dagger (drain)
rCold    . . .     Faith    .   (no shield)
rNeg     . . .     Spirit   .   (helmet restricted)
rPois    .         Reflect  .   (no amulet)
rElec    .         Harm     .   (no ring)
rCorr    .         Rampage  .   (no ring)
Will     .....                  (no ring)
Stlth    +++.......             (no ring)
HPRegen  0.07/turn              (no ring)
MPRegen  0.10/turn              (no ring)
                                (no ring)
                                (no ring)

@: constricted
A: almost no armour, amphibious, 8 rings, camouflage 1, gelatinous body 1,
(nimble swimmer 1), tentacles
a: no special abilities


You were on level 2 of the Dungeon.
You visited 1 branch of the dungeon, and saw 2 of its levels.

You collected 42 gold pieces.

Inventory:

Hand Weapons
 a - a +0 dagger of draining (weapon)
Scrolls
 b - a scroll of enchant armour {unknown}
 d - 3 scrolls of enchant weapon {unknown}
Potions
 c - a potion of brilliance {unknown}


   Skills:
 + Level 1.3 Fighting
 + Level 0.7 Short Blades
 + Level 2.2 Dodging
 + Level 1.0 Stealth
 - Level 4.0 Unarmed Combat
 - Level 2.0 Spellcasting
 - Level 2.0 Transmutations


You had 5 spell levels left.
You knew the following spells:

 Your Spells              Type           Power      Damage    Failure   Level
a - Beastly Appendage     Tmut           12%        N/A       11%         1

Your spell library contained the following spells:

 Spells                   Type           Power      Damage    Failure   Level
 Wereblood                Tmut           6%         N/A       17%         2
 Animate Skeleton         Necr           2%         N/A       26%         1
 Pain                     Necr           4%         1d4       26%         1
 Spider Form              Tmut/Pois      1%         N/A       45%         3
 Vampiric Draining        Necr           0%         2d6       58%         3
 Ice Form                 Ice/Tmut       3%         N/A       86%         4


Dungeon Overview and Level Annotations

Branches:
Dungeon (2/15)

Altars:
Makhleb
Sif Muna
Beogh


Innate Abilities, Weirdness & Mutations

You cannot wear most types of armour.
You are amphibious.
You can wear up to eight rings at the same time.
Your skin changes colour to match your surroundings (Stealth+).
Your rubbery body absorbs attacks. (AC +1, EV +1)
((You are camouflaged near water. (Stealth+)))
You have tentacles for arms and can constrict up to eight enemies at once.


Message History

You kill the kobold!
Found a burning altar of Makhleb.
No target in view!
No target in view!
No target in view!
A kobold comes into view. It is wielding a +0 whip.
The kobold shouts!
You hear an angry hiss.
A kobold is nearby!
A ball python comes into view.
Found an escape hatch in the floor.
There are monsters nearby!
The kobold hits you with a +0 whip.
There are monsters nearby!
You closely miss the kobold. Your grab misses the kobold.
The kobold hits you with a +0 whip.
You hit the kobold but do no damage. You grab the kobold.
You constrict the kobold, but do no damage.
The ball python barely misses you. The ball python grabs you.
The ball python constricts you. The kobold hits you with a +0 whip.
You hit the kobold but do no damage.
You constrict the kobold, but do no damage.
The ball python closely misses you. The ball python constricts you.
The kobold hits you with a +0 whip.
You are too injured to fight recklessly!
You hit the kobold.
You squeeze the kobold, but do no damage.
The kobold is severely wounded.
You constrict the kobold, but do no damage.
The ball python closely misses you. The ball python constricts you.
The kobold hits you with a +0 whip.
* * * LOW HITPOINT WARNING * * *
You barely miss the ball python. Your grab misses the ball python.
Your squeeze misses the ball python. You constrict the kobold.
You kill the kobold!
The ball python bites you.
* * * LOW HITPOINT WARNING * * *
The ball python constricts you.
* * * LOW HITPOINT WARNING * * *
The ball python closely misses you. The ball python constricts you.
You die...

...#.##.# ##..##..#
#..#.##.# ........##
#..#.##.# ##.......#
#..#.##.# #.>......#
#..#.##.#
#....._..###..#.##.#####
#............)#.#.......
.........##........#####
......)@...........#
......S#########.#.....
#...... ...#####.#
#...### ###.# #.. #.# ##
#.# #.#


You could see a ball python.

Vanquished Creatures
  3 dart slugs (D:1)
  3 ball pythons
  4 bats (D:1)
  4 endoplasms
  3 goblins (D:1)
  3 hobgoblins
  3 jackals (D:1)
  A quokka (D:1)
  11 frilled lizards
  3 kobolds
  2 rats (D:1)
40 creatures vanquished.

Notes
Turn   | Place    | Note
-------+----------+-------------------------------------------
     0 | D:1      | tanglemaster the Octopode Transmuter began the quest for
                  | the Orb.
     0 | D:1      | Reached XP level 1. HP: 13/13 MP: 3/3
   143 | D:1      | Reached XP level 2. HP: 14/18 MP: 5/5
   443 | D:1      | Reached skill level 4 in Unarmed Combat
   805 | D:1      | Found a shimmering blue altar of Sif Muna.
   852 | D:1      | You fall into a shaft and drop 1 floor!
   863 | D:2      | Reached XP level 3. HP: 20/23 MP: 6/6
  1444 | D:1      | Found a faded altar of an unknown god.
  1961 | D:2      | Reached skill level 1 in Stealth
  1977 | D:2      | Found a burning altar of Makhleb.
  1988 | D:2      | HP: 1/23 [constriction (1)]
  1988 | D:2      | Constricted to death by a ball python

Illustrated notes

Levels and vault maps discovered:
D:1:      dpeg_arrival_water_altar, layout_loops_ring,
          hellmonk_ecumenical_altar_defaced_shrine, chequers_mini_garden
D:2:      layout_loops_ring, basic_altar, minmay_lizard_pond

Skill      XL: |  1  2  3 |
---------------+----------+-----
Unarmed Combat | 4 |  4.0
Stealth        | 1 |  1.0
Fighting       | |  1.3
Short Blades   | |  0.7
Dodging        | |  2.2
Spellcasting   | |  2.0
Transmutations | |  2.0

Action                   || total
-------------------------++-------
Melee: Unarmed           ||    29
       Tentacles         ||    15
       Constrict         ||    24
       Dagger            ||    52
       Punch             ||     3
  Use: Potion            ||     2
 Stab: Distracted        ||     2
       Sleeping          ||     6
Armor: Skin              ||     2
Dodge: Dodged            ||    46
